 Dungeon Crawl Stone Soup version 0.27.0-1-g7a089689b8 (webtiles) character file.

Game seed: 17142618269919499746

11 benjreed the Conjurer (level 2, -2/19 HPs)
             Began as a Human Conjurer on Aug 3, 2021.
             Slain by a quokka (3 damage)
             ... on level 1 of the Dungeon.
             The game lasted 00:13:35 (611 turns).

benjreed the Conjurer (Human Conjurer)               Turns: 611, Time: 00:13:36

Health: -2/19      AC:  2    Str:  7    XL:     2   Next: 40%
Magic:  5/5        EV: 12    Int: 18    God:
Gold:   21         SH:  0    Dex: 11    Spells: 4/5 levels left

rFire    . . .     SeeInvis .   d - +0 spear
rCold    . . .     Faith    +   (no shield)
rNeg     . . .     Spirit   .   a - +0 robe
rPois    .         Reflect  .   (no helmet)
rElec    .         Harm     .   (no cloak)
rCorr    .         Rampage  .   (no gloves)
Will     .....                  (no boots)
Stlth    ++........             c - amulet of faith
HPRegen  0.06/turn              (no ring)
MPRegen  0.09/turn              (no ring)

@: no status effects
A: no striking features
a: no special abilities


You were on level 1 of the Dungeon.
You visited 1 branch of the dungeon, and saw 1 of its levels.

You collected 21 gold pieces.

Inventory:

Hand Weapons
 d - a +0 spear (weapon)
 e - a +0 club
 g - a +0 club
 h - a +0 dagger
Missiles
 i - 5 stones
Armour
 a - a +0 robe (worn)
Jewellery
 c - an amulet of faith (around neck)
Scrolls
 b - a scroll of teleportation {unknown}
 j - a scroll of blinking {unknown}
Potions
 f - a potion of might {unknown}


   Skills:
 + Level 2.0 Dodging
 + Level 2.0 Stealth
 + Level 2.1 Spellcasting
 + Level 4.4 Conjurations


You had 4 spell levels left.
You knew the following spells:

 Your Spells              Type           Power      Damage    Failure   Level
a - Magic Dart            Conj           68%        1d6       3%          1

Your spell library contained the following spells:

 Spells                   Type           Power      Damage    Failure   Level
 Searing Ray              Conj           34%        3d4       4%          2
 Dazzling Flash           Conj/Hex       18%        N/A       22%         3
 Fulminant Prism          Conj/Hex       4%         3d6       58%         4
 Iskenderun's Mystic Bla  Conj/Tloc      9%         2d4       58%         4


Dungeon Overview and Level Annotations

Branches:
Dungeon (1/15)

Altars:


Message History

The dart slug launches a dart at you. The slug dart hits you.
* * * LOW HITPOINT WARNING * * *
Casting: Magic Dart (safe; 3% risk of failure)
Confirm with . or Enter, or press ? or * to list all spells.
Aiming: Magic Dart (safe; 3% risk of failure)
Press: ? - help, Shift-Dir - straight line, f/p - dart slug
Aim: a dart slug (heavily wounded, 100% to hit)
The magic dart hits the dart slug.
You kill the dart slug!
You see here a dart slug corpse.
A gnoll comes into view. It is wielding a +0 spear.
You see here a dart slug corpse.
A hobgoblin comes into view.
A quokka comes into view.
The hobgoblin shouts!
The hobgoblin closely misses you. The hobgoblin hits you.
The quokka misses you. The quokka bites you.
* * * LOW HITPOINT WARNING * * *
The quokka barely misses you.
You hit the quokka.
The quokka is moderately wounded.
The quokka misses you.
You barely miss the quokka.
The quokka is moderately wounded.
The quokka bites you but does no damage.
You hit the quokka.
The quokka is almost dead.
The quokka bites you.
* * * LOW HITPOINT WARNING * * *
The quokka closely misses you.
You hit the quokka but do no damage.
The quokka is almost dead.
The quokka closely misses you.
You closely miss the quokka.
The quokka is almost dead.
The quokka bites you.
You die...

########### ......†...#
#########.######
#............####### ###
#.###.......gr@....##########..
#.###.#.####.#####.............
#.##....# #.# #####.######..
.#......## #.# #.# #.....
###......###.# #.# #.....
#........##.# ..# #.....
#.##...#..##.# ### ####.. #.
##.##..##.# #.. # #..#..##.#
##.


You could see a quokka and a hobgoblin.

Vanquished Creatures
  A dart slug (D:1)
  2 giant cockroaches (D:1)
  A goblin (D:1)
  A hobgoblin (D:1)
  2 kobolds (D:1)
  A bat (D:1)
8 creatures vanquished.

Notes
Turn   | Place    | Note
-------+----------+-------------------------------------------
     0 | D:1      | benjreed the Human Conjurer began the quest for the Orb.
     0 | D:1      | Reached XP level 1. HP: 13/13 MP: 3/3
   400 | D:1      | Reached XP level 2. HP: 4/19 MP: 3/5
   611 | D:1      | Slain by a quokka

Illustrated notes

Levels and vault maps discovered:
D:1:      minmay_arrival_widening_spiral_wide, layout_loops_ring,
          columned_hall_lemuel

Action                   || total
-------------------------++-------
Melee: Spear             ||    28
 Cast: Magic Dart        ||    12
Armor: Robe              ||    15
Dodge: Dodged            ||    55
